 Dungeon Crawl Stone Soup version 0.23-a0-393-g6e9e0f2 (webtiles) character file.

744 Azzok the Sneak (level 7, -3/51 HPs)
             Began as a Gnoll Enchanter on Oct 31, 2018.
             Slain by a worker ant (6 damage)
             ... on level 4 of the Dungeon.
             The game lasted 00:08:07 (4555 turns).

Azzok the Sneak (Gnoll Enchanter)                   Turns: 4555, Time: 00:08:08

Health: -3/51      AC:  2    Str: 10    XL:     7   Next: 76%
Magic:  1/15       EV: 15    Int: 19    God:
Gold:   249        SH:  3    Dex: 16    Spells: 8/17 levels left

rFire    . . .     SeeInvis +   t - +1 dagger (holy)
rCold    . . .     Gourm    .   (no shield)
rNeg     . . .     Faith    .   b - +0 robe
rPois    .         Spirit   .   (no helmet)
rElec    .         Reflect  +   (no cloak)
rCorr    .         Harm     .   (no gloves)
MR       .....                  (no boots)
Stlth    +++.......             e - +3 amulet of reflection
HPRegen  0.17/turn              u - ring of see invisible
MPRegen  0.14/turn              (no ring)

@: no status effects
A: distributed training, fangs 1, strong nose
a: no special abilities


You were on level 4 of the Dungeon.
You were hungry.

You visited 1 branch of the dungeon, and saw 5 of its levels.

You collected 249 gold pieces.

Inventory:

Hand Weapons
 t - a +1 dagger of holy wrath (weapon)
Armour
 b - a +0 robe (worn)
Jewellery
 e - a +3 amulet of reflection (around neck)
 p - an uncursed amulet of faith {unknown}
 u - a ring of see invisible (left hand)
 x - an uncursed amulet of guardian spirit {unknown}
Scrolls
 c - 5 scrolls of identify {unknown}
 g - a scroll of enchant armour {unknown}
 h - 2 scrolls of remove curse {unknown}
 k - a scroll of blinking {unknown}
 l - 5 scrolls of enchant weapon {unknown}
 m - a scroll of amnesia {unknown}
 n - a scroll of fear {unknown}
 o - a scroll of magic mapping {unknown}
 v - a scroll of fog {unknown}
 w - a scroll of teleportation {unknown}
Potions
 a - 2 potions of invisibility {unknown}
 f - 3 potions of mutation {unknown}
 i - a potion of might {unknown}
 j - 2 potions of brilliance {unknown}
 q - a potion of resistance {unknown}
 s - 5 potions of curing {unknown}
Comestibles
 d - 12 rations
 r - 3 chunks of flesh


   Skills:
 + Level 2.6 Fighting
 + Level 3.7 Short Blades
 + Level 2.6 Long Blades
 + Level 2.6 Axes
 + Level 2.6 Maces & Flails
 + Level 2.6 Polearms
 + Level 2.6 Staves
 + Level 2.6 Slings
 + Level 2.6 Bows
 + Level 2.6 Crossbows
 + Level 2.6 Throwing
 + Level 2.6 Armour
 + Level 5.3 Dodging
 + Level 6.6 Stealth
 + Level 2.6 Shields
 + Level 2.6 Unarmed Combat
 + Level 5.7 Spellcasting
 + Level 2.1 Conjurations
 + Level 5.9 Hexes
 + Level 2.1 Charms
 + Level 2.1 Summonings
 + Level 2.1 Necromancy
 + Level 2.1 Translocations
 + Level 2.1 Transmutations
 + Level 2.1 Fire Magic
 + Level 2.1 Ice Magic
 + Level 2.1 Air Magic
 + Level 2.1 Earth Magic
 + Level 2.1 Poison Magic
 + Level 2.9 Invocations
 + Level 2.6 Evocations


You had 8 spell levels left.
You knew the following spells:

 Your Spells              Type           Power        Failure   Level  Hunger
a - Corona                Hex            ####...      1%          1    None
b - Ensorcelled Hibernat  Hex/Ice        ###...       3%          2    None
c - Confuse               Hex            ####....     3%          3    ##.....
d - Dazzling Spray        Conj/Hex       ###...       7%          3    ##.....

Your spell library contained the following spells:

 Spells                   Type           Power        Failure   Level  Hunger
 Tukima's Dance           Hex            ####....     3%          3    ##.....


Dungeon Overview and Level Annotations

Branches:
Dungeon (5/15)             Temple (0/1) D:5

Altars:
Dithmenos

Annotations:
D:5 Menkaure


Innate Abilities, Weirdness & Mutations

Your experience applies equally to all skills.
You have very sharp teeth.
Your uncanny sense of smell can sniff out nearby items.


Message History

There is a stone staircase leading down here.
You closely miss the worker ant.
The worker ant is almost dead.
The worker ant bites you.
* * * LOW HITPOINT WARNING * * *
Casting: Ensorcelled Hibernation (safe; 3% risk of failure)
Confirm with . or Enter, or press ? or * to list all spells.
Aiming: Corona (safe; 1% risk of failure)
Press: ? - help, Shift-Dir - straight line, f - worker ant
Aim: a worker ant (almost dead, chance to defeat MR: 75%)
The worker ant is outlined in light.
* * * LOW MAGIC WARNING * * *
The worker ant closely misses you.
You hit the worker ant but do no damage.
The worker ant is almost dead.
The worker ant closely misses you.
You completely miss the worker ant.
The worker ant is almost dead.
The worker ant bites you.
You die...

······▒······▒▒▒
···········▒···▒▒▒▒▒
······(····▒·······▒
···················▒
▒▒▒···▒·▒▒▒▒·······▒
·▒··▒▒▒·······▒▒▒▒▒▒
···▒▒ ▒▒▒▒▒▒···▒▒▒
··▒▒▒▒▒▒▒▒▒▒▒····▒
·▒▒·^·····▒ ▒▒▒a@▒
·▒▒·······▒ ▒▒▒▒
··········▒
▒▒········▒
▒▒········▒
▒·········▒
··▒·······▒
▒▒▒·······▒
▒·······▒


You could see a worker ant.

Vanquished Creatures
  Prince Ribbit (D:5)
  2 ogres
  A centaur (D:2)
  A bullfrog skeleton (D:4)
  An orc wizard (D:3)
  Natasha (thrice) (D:4)
  A worker ant (D:4)
  A hound skeleton (D:4)
  5 adders
  A shadow imp (D:5)
  3 worms
  2 dart slugs (D:1)
  A leopard gecko (D:1)
  11 orcs
  2 giant cockroaches
  7 goblins
  2 hobgoblins (D:2)
  5 jackals
  2 quokkas
  2 ball pythons
  9 bats
  5 frilled lizards (D:1)
  6 kobolds
  A leopard gecko skeleton (D:5)
  6 rats
81 creatures vanquished.

Notes
Turn   | Place    | Note
-------+----------+-------------------------------------------
     0 | D:1      | Azzok the Gnoll Enchanter began the quest for the Orb.
     0 | D:1      | Reached XP level 1. HP: 13/13 MP: 6/6
    82 | D:1      | Reached XP level 2. HP: 3/19 MP: 7/7
   349 | D:1      | Learned a level 2 spell: Ensorcelled Hibernation
   751 | D:1      | Reached XP level 3. HP: 25/25 MP: 9/9
   756 | D:1      | Learned a level 3 spell: Confuse
   760 | D:1      | Learned a level 3 spell: Dazzling Spray
   816 | D:1      | Reached skill level 5 in Spellcasting
  1096 | D:2      | Reached skill level 6 in Stealth
  1104 | D:2      | Reached skill level 1 in Invocations
  1137 | D:2      | Noticed a centaur
  1146 | D:2      | Killed a centaur
  1146 | D:2      | Reached skill level 1 in Fighting
  1146 | D:2      | Reached skill level 1 in Long Blades
  1146 | D:2      | Reached skill level 1 in Axes
  1146 | D:2      | Reached skill level 1 in Maces & Flails
  1146 | D:2      | Reached skill level 1 in Polearms
  1146 | D:2      | Reached skill level 1 in Staves
  1146 | D:2      | Reached skill level 1 in Slings
  1146 | D:2      | Reached skill level 1 in Bows
  1146 | D:2      | Reached skill level 1 in Crossbows
  1146 | D:2      | Reached skill level 1 in Throwing
  1146 | D:2      | Reached skill level 1 in Armour
  1146 | D:2      | Reached skill level 1 in Shields
  1146 | D:2      | Reached skill level 1 in Unarmed Combat
  1146 | D:2      | Reached skill level 1 in Conjurations
  1146 | D:2      | Reached skill level 1 in Charms
  1146 | D:2      | Reached skill level 1 in Summonings
  1146 | D:2      | Reached skill level 1 in Necromancy
  1146 | D:2      | Reached skill level 1 in Translocations
  1146 | D:2      | Reached skill level 1 in Transmutations
  1146 | D:2      | Reached skill level 1 in Fire Magic
  1146 | D:2      | Reached skill level 1 in Ice Magic
  1146 | D:2      | Reached skill level 1 in Air Magic
  1146 | D:2      | Reached skill level 1 in Earth Magic
  1146 | D:2      | Reached skill level 1 in Poison Magic
  1146 | D:2      | Reached skill level 1 in Evocations
  1146 | D:2      | Reached XP level 4. HP: 22/32 MP: 1/11
  1146 | D:2      | Reached XP level 5. HP: 25/37 MP: 1/12
  2244 | D:3      | Found a shadowy altar of Dithmenos.
  3055 | D:4      | Noticed Natasha
  3076 | D:4      | Reached XP level 6. HP: 31/44 MP: 7/13
  3228 | D:4      | Killed Natasha
  3262 | D:4      | Noticed Natasha
  3270 | D:4      | Killed Natasha
  3297 | D:4      | Noticed Natasha
  3305 | D:4      | Killed Natasha
  3305 | D:4      | Reached skill level 5 in Dodging
  3688 | D:4      | Reached XP level 7. HP: 50/50 MP: 12/15
  3827 | D:5      | Entered Level 5 of the Dungeon
  3929 | D:5      | Noticed Prince Ribbit
  3939 | D:5      | HP: 2/50 [shadow imp (1)]
  3940 | D:5      | Killed Prince Ribbit
  3944 | D:5      | Found a staircase to the Ecumenical Temple.
  4510 | D:5      | Noticed Menkaure
  4555 | D:4      | Slain by a worker ant

Vault maps used:
D:1:      scummos_arrival_hexagon, minmay_misc_feat_encased,
          minmay_misc_feat_chi, roderic_three_in_a_row
D:3:      first_ration, nicolae_dithmenos_shadow_blocks
D:4:      dk_noncrumbling_2, uniq_natasha
D:5:      minmay_temple_entry_fiery, uniq_prince_ribbit1, uniq_menkaure

Skill      XL: |  1  2  3  4  5  6  7 |
---------------+----------------------+-----
Spellcasting   | 5 |  5.7
Stealth        | 6 |  6.6
Invocations    | 1 2 |  2.9
Fighting       | 1 2 |  2.6
Long Blades    | 1 2 |  2.6
Axes           | 1 2 |  2.6
Maces & Flails | 1 2 |  2.6
Polearms       | 1 2 |  2.6
Staves         | 1 2 |  2.6
Slings         | 1 2 |  2.6
Bows           | 1 2 |  2.6
Crossbows      | 1 2 |  2.6
Throwing       | 1 2 |  2.6
Armour         | 1 2 |  2.6
Shields        | 1 2 |  2.6
Unarmed Combat | 1 2 |  2.6
Conjurations   | 1 2 |  2.1
Charms         | 1 2 |  2.1
Summonings     | 1 2 |  2.1
Necromancy     | 1 2 |  2.1
Translocations | 1 2 |  2.1
Transmutations | 1 2 |  2.1
Fire Magic     | 1 2 |  2.1
Ice Magic      | 1 2 |  2.1
Air Magic      | 1 2 |  2.1
Earth Magic    | 1 2 |  2.1
Poison Magic   | 1 2 |  2.1
Evocations     | 1 2 |  2.6
Short Blades   | 3 |  3.7
Dodging        | 5 |  5.3
Hexes          | |  5.9

Action                   |  1- 3 |  4- 6 |  7- 9 || total
-------------------------+-------+-------+-------++-------
Melee: Dagger            |    87 |    68 |    29 ||   184
       Bite              |     6 |     2 |     1 ||     9
 Cast: Corona            |     6 |       |     1 ||     7
       Ensorcelled Hiber |     5 |    27 |    15 ||    47
       Confuse           |       |     2 |     4 ||     6
 Stab: Sleeping          |     6 |    33 |     7 ||    46
       Confused          |       |       |     2 ||     2
  Eat: Chunk             |     1 |     7 |     3 ||    11
Armor: Robe              |     9 |     8 |     3 ||    20
Dodge: Dodged            |    59 |    36 |    25 ||   120
Block: Other             |     5 |     3 |     2 ||    10

Table legend:
 A = Non-vault XP
 B = Vault XP
 C = Vault XP percentage of total XP
 D = Non-vault monster count
 E = Vault monster count
 F = Vault count percentage of total count
                 A         B        C        D         E       F
            +---------+---------+-------+---------+---------+-------
      Total |     760 |     303 |  28.5 |      79 |       2 |   2.5
            +---------+---------+-------+---------+---------+-------
        D:1 |      43 |       0 |   0.0 |      26 |       0 |   0.0
        D:2 |     198 |       0 |   0.0 |      20 |       0 |   0.0
        D:3 |      70 |       0 |   0.0 |      15 |       0 |   0.0
        D:4 |     295 |      35 |  10.6 |       8 |       1 |  11.1
        D:5 |     154 |     268 |  63.5 |      10 |       1 |   9.1
            +---------+---------+-------+---------+---------+-------
